 Dungeon Crawl Stone Soup version 0.14-a0-2019-gd9bc7f0 (webtiles) character file.

308 Mitsuki the Covered (level 5, -6/37 HPs)
             Began as a Formicid Fighter on Jan 19, 2014.
             Mangled by an ogre
             ... wielding a +0,+0 giant spiked club
              (16 damage)
             ... on Level 4 of the Dungeon.
             The game lasted 00:08:10 (2611 turns).

Mitsuki the Covered (Formicid Fighter)              Turns: 2611, Time: 00:08:11

HP  -6/37        AC 18     Str 22      XL: 5   Next: 47%
MP   5/5         EV  3     Int  7      God:
Gold 191         SH 19     Dex 10      Spells:  0 memorised,  4 levels left

rFire  . . .     SeeInvis +     b - +0,+5 great sword
rCold  . . .     Clarity  .     s - +1 dwarf plate armour
rNeg   . . .     Conserve .     c - +0 shield
rPois  x         rCorr    .     (helmet unavailable)
rElec  .         rRot     .     (no cloak)
SustAb . .       Spirit   .     r - +0 pair of elf gloves
rMut   .         Warding  .     m - +0 pair of boots
Saprov . . .     Stasis   +     (no amulet)
MR     .....                    (no ring)
                                (no ring)

@: not resistant to hostile enchantments, extremely unstealthy
A: permanent stasis, dig shafts and tunnels, four strong arms, poison weakness,
antennae 3, shaggy fur 1, exoskeleton 1
a: Dig, Shaft Self


You were on level 4 of the Dungeon.
You were hungry.

You visited 1 branch of the dungeon, and saw 4 of its levels.

You collected 191 gold pieces.

Inventory:

Hand weapons
 b - a +0,+5 great sword (weapon)
Armour
 c - a +0 shield (worn)
 m - a +0 pair of boots (worn)
 r - a +0 pair of elven gloves (worn)
 s - a +1 dwarven plate armour (worn)
Comestibles
 d - 4 bread rations
 l - 3 meat rations
 u - an apple
Scrolls
 e - a scroll of fear {unknown}
 f - 4 scrolls of identify {unknown}
 g - a scroll of noise {unknown}
 h - 2 scrolls of curse weapon {unknown}
 i - 4 scrolls of magic mapping {unknown}
 n - a scroll of enchant armour {unknown}
 o - 4 scrolls of recharging {unknown}
 p - a scroll of enchant weapon II {unknown}
 q - a scroll of amnesia {unknown}
 t - a scroll of blinking {unknown}
 v - 2 scrolls of random uselessness {unknown}
Potions
 j - a potion of agility {unknown}
 k - a potion of cure mutation {unknown}
 w - 2 potions of confusion {unknown}
Books
 a - a book of Beasts

   Spells                             Type                      Level
   Summon Butterflies                 Summoning                    1
   Sticks to Snakes                   Transmutation                2
   Call Canine Familiar               Summoning                    3
   Ice Form                           Ice/Transmutation            4
   Summon Ice Beast                   Ice/Summoning                4
   Summon Hydra                       Summoning                    7


   Skills:
 + Level 3.5 Fighting
 + Level 2.7 Long Blades
 + Level 4.7 Armour
 + Level 4.0 Shields


You had 4 spell levels left.
You didn't know any spells.

Dungeon Overview and Level Annotations

Branches:
Dungeon (4/16)
 Temple: D:4-7

Altars:


Innate Abilities, Weirdness & Mutations

Your are under a permanent stasis effect.
You can dig through walls and to a lower floor.
Your four strong arms can wield any weapon, most with a shield.
You are susceptible to poison.
You have a pair of large antennae on your head (SInv).
Your body is surrounded by an exoskeleton. (HP +5, AC +1)
You are covered in fur (AC +1).


Message History

You slash the goblin!
You kill the goblin!
The ogre hits you with a giant spiked club!
You closely miss the ogre. The ogre hits you but does no damage.
Your plate armour prevents you from hitting the ogre.
You block the ogre's attack.
Your plate armour prevents you from hitting the ogre.
You block the ogre's attack.
You slice the ogre!!
The ogre is severely wounded.
The ogre hits you with a giant spiked club!
* * * LOW HITPOINT WARNING * * *
You are too injured to fight recklessly!
You are too injured to fight recklessly!
You are too injured to fight recklessly!
You are too injured to fight recklessly!
You hit the ogre.
The ogre is almost dead.
The ogre hits you with a giant spiked club!
You die...

... ... ..............).
.......................
...........................
.............................
..............##.##...........
..............##.##............
..............##.##............
..............##@##............
..............##O##...!.........
................K.......%.......
................................
...............................
...............................
...............................
..............................
...#........%................


You could see an ogre and a kobold.

Vanquished Creatures
  4 adders
  2 giant mites
  A worm (D:3)
  An ooze (D:1)
  7 orcs (D:3)
  8 goblins
  4 hobgoblins
  4 jackals
  4 quokkas
  A ball python (D:3)
  2 bats (D:2)
  A giant gecko (D:4)
  2 giant newts
  8 kobolds
  6 rats
55 creatures vanquished.

Vanquished Creatures (others)
  4 toadstools (D:1)
4 creatures vanquished.

Grand Total: 59 creatures vanquished

Notes
Turn   | Place    | Note
--------------------------------------------------------------
     0 | D:1      | Mitsuki, the Formicid Fighter, began the quest for the Orb.
     0 | D:1      | Reached XP level 1. HP: 19/19 MP: 1/1
    89 | D:1      | Reached XP level 2. HP: 24/24 MP: 2/2
   237 | D:1      | Reached XP level 3. HP: 28/28 MP: 3/3
   336 | D:1      | Reached skill level 4 in Armour
  1401 | D:2      | Reached XP level 4. HP: 33/33 MP: 4/4
  1745 | D:3      | Gained mutation: You are covered in fur (AC +1). [potion of beneficial mutation]
  2055 | D:3      | Reached XP level 5. HP: 37/37 MP: 5/5
  2577 | D:4      | Noticed an ogre
  2611 | D:4      | Mangled by an ogre

Action                   |  1- 3 |  4- 6 || total
-------------------------+-------+-------++-------
Melee: Falchion          |   104 |   108 ||   212
       Great sword       |       |    28 ||    28
 Abil: Dig               |     1 |     1 ||     2
  Use: Potion            |       |     4 ||     4
